 Dungeon Crawl Stone Soup version 0.27-a0-1242-ge70438ac7b (webtiles) character file.

Game seed: 13720751130365000212

3007144 Sergey the Hoplite (level 27, 258/258 HPs)
             Began as a Minotaur Wanderer on June 9, 2021.
             Was an Initiate of Gozag.
             Escaped with the Orb
             ... and 5 runes!
             The game lasted 02:09:08 (76482 turns).

Sergey the Hoplite (Minotaur Wanderer)             Turns: 76482, Time: 02:09:08

Health: 258/258    AC: 48    Str: 24    XL:     27
Magic:  25/25      EV: 18    Int: 15    God:    Gozag
Gold:   2321       SH: 35    Dex: 17    Spells: 28/30 levels left

rFire    + + +     SeeInvis +   q - +8 mithril axe "Arga" {speed, Will+}
rCold    + . .     Faith    .   W - +5 tower shield {rPois}
rNeg     + . .     Spirit   .   x - +10 plate armour {rF+}
rPois    +         Reflect  .   Q - +3 crown of Dyrovepreva {rElec Int+2 SInv}
rElec    +         Harm     .   I - +2 cloak {Will+}
rCorr    +         Rampage  ∞   f - +2 pair of gloves {Dex+3}
Will     +++++                  Z - +3 pair of seven-league boots {Rampage+∞}
Stlth    ..........             N - amulet of Zeceul {Acrobat Drain rF+ Will+ Regen+}
HPRegen  1.53/turn              Y - ring "Beoveet" {rN+ rCorr Int+4}
MPRegen  0.19/turn              M - ring of protection from cold

@: studying Evocations
A: horns 2, retaliatory headbutt, iridescent scales 1, large bone plates 1,
deterioration 1, fire resistance 1, weak 1
0: Orb of Zot
}: 5/15 runes: decaying, serpentine, slimy, silver, abyssal
a: Renounce Religion, Potion Petition, Call Merchant, Bribe Branch


You escaped.
You worshipped Gozag.
Gozag was most pleased with you.
You visited 10 branches of the dungeon, and saw 52 of its levels.
You visited the Abyss 1 time.
You visited 1 bazaar.
You also visited: Gauntlet, Ice Cave and Wizlab.

You collected 31935 gold pieces.
You spent 16137 gold pieces at shops.
You paid 13477 gold pieces to Gozag.

Inventory:

Hand Weapons
 e - a +9 eudemon blade of holy wrath
 q - the +8 mithril axe "Arga" (weapon) {speed, Will+}
   (You found it on level 5 of the Pits of Slime)

   Attacks with this weapon are significantly faster.
   It increases your willpower.
 w - the +9 double sword of the Briny Deep {antimagic, rPois Stlth+}
   (You found it on level 6 of the Dungeon)

   It reduces the magical energy of the wielder, and disrupts the spells and
   magical abilities of those hit.
   Natural abilities and divine invocations are not affected.
   It protects you from poison.
   It makes you more stealthy.
 y - the +14 obsidian axe {vorpal, Drain Fly SInv}
   (You bought it in a shop on level 2 of the Orcish Mines)

   It inflicts extra damage upon your enemies.
   It lets you see invisible.
   It grants you flight.
   It drains your maximum health when unequipped.
Missiles
 m - 2 throwing nets (quivered)
 V - 13 curare-tipped darts
Armour
 f - a +2 pair of gloves of dexterity (worn)
 x - a +10 plate armour of fire resistance (worn)
 I - a +2 cloak of willpower (worn)
 Q - the +3 crown of Dyrovepreva (worn) {rElec Int+2 SInv}
   (You bought it in a shop in a bazaar)

   It affects your intelligence (+2).
   It insulates you from electricity.
   It lets you see invisible.
 R - a +1 cloak of cold resistance
 W - a +5 tower shield of poison resistance (worn)
 Z - the +3 pair of seven-league boots (worn) {Rampage+∞}
   (You found it on level 5 of the Lair of Beasts)
Jewellery
 t - the ring "Daitunik" {+Blink rCorr Str+4}
   (You bought it in a shop on level 2 of the Orcish Mines)

   [ring of resist corrosion]

   It affects your strength (+4).
   It lets you blink.
   It protects you from acid and corrosion.
 z - the ring "Trusted Companion" {rPois rN+ EV+4 Int-4}
   (You bought it in a shop on level 2 of the Orcish Mines)

   [ring of evasion]

   It affects your evasion (+4).
   It affects your intelligence (-4).
   It protects you from poison.
   It protects you from negative energy.
 F - a ring of see invisible
 J - a ring of willpower
 M - a ring of protection from cold (right hand)
 N - the amulet of Zeceul (around neck) {Acrobat Drain rF+ Will+ Regen+}
   (You found it in an ice cave)

   [amulet of the acrobat]

   It increases your evasion while moving and waiting.
   It protects you from fire.
   It increases your rate of health regeneration.
   It drains your maximum health when unequipped.
   It increases your willpower.
 T - a ring of positive energy
 Y - the ring "Beoveet" (left hand) {rN+ rCorr Int+4}
   (You found it on level 4 of the Depths)

   [ring of resist corrosion]

   It affects your intelligence (+4).
   It protects you from negative energy.
   It protects you from acid and corrosion.
Wands
 h - a wand of paralysis (27)
 p - a wand of acid (17)
 v - a wand of digging (34)
 E - a wand of charming (18)
 L - a wand of iceblast (42)
Scrolls
 c - 27 scrolls of teleportation {@r3}
 k - 4 scrolls of fear
 o - 2 scrolls of holy word
 u - a scroll of magic mapping
 A - 5 scrolls of blinking {@r4}
 H - 4 scrolls of fog
 O - a scroll of immolation
 S - 3 scrolls of identify {@r1}
 X - 5 scrolls of vulnerability {!r}
Potions
 a - 2 potions of invisibility
 b - 14 potions of lignification
 d - a potion of resistance
 g - 9 potions of brilliance
 j - 3 potions of might {@q3}
 n - 3 potions of ambrosia
 s - 9 potions of heal wounds {@q1}
 B - 12 potions of curing {@q2}
 C - 3 potions of haste {@q5}
 D - 6 potions of flight
 G - 6 potions of mutation
 K - a potion of cancellation
 U - 4 potions of magic
Miscellaneous
 i - a tin of tremorstones (2/2)
 l - a box of beasts
 r - a condenser vane
 P - a phantom mirror


   Skills:
 + Level 23.3 Fighting
 - Level 16.0 Long Blades
 + Level 18.8(19.5) Axes
 - Level 8.0(14.5) Maces & Flails
 - Level 6.0(13.8) Polearms
 - Level 1.0 Throwing
 + Level 23.1 Armour
 + Level 20.4 Dodging
 - Level 1.5 Stealth
 + Level 25.9 Shields
 - Level 2.0 Spellcasting
 - Level 5.0 Transmutations
 + Level 17.3 Evocations


You had 28 spell levels left.
You knew the following spells:

 Your Spells              Type           Power      Damage    Failure   Level
x - Wereblood             Tmut           16%        N/A       19%         2

Your spell library contained the following spells:

 Spells                   Type           Power      Damage    Failure   Level
 Beastly Appendage        Tmut           32%        N/A       13%         1
 Sting                    Tmut/Pois      36%        1d4       34%         1
 Animate Skeleton         Necr           2%         N/A       69%         1
 Apportation              Tloc           2%         N/A       69%         1
 Corona                   Hex            1%         N/A       69%         1
 Foxfire                  Conj/Fire      4%         2x1d4     69%         1
 Magic Dart               Conj           4%         1d3       69%         1
 Pain                     Necr           4%         1d4       69%         1
 Shock                    Conj/Air       4%         1d3       69%         1
 Spider Form              Tmut/Pois      4%         N/A       71%         3
 Blink                    Tloc           N/A        N/A       83%         2
 Call Imp                 Summ           1%         N/A       83%         2
 Corpse Rot               Necr/Air       N/A        N/A       83%         2
 Ensorcelled Hibernation  Hex/Ice        2%         N/A       83%         2
 Poisonous Vapours        Pois/Air       2%         N/A       83%         2
 Searing Ray              Conj           2%         3d3       83%         2
 Slow                     Hex            1%         N/A       83%         2
 Static Discharge         Conj/Air       1%         N/A       83%         2
 Sublimation of Blood     Necr           0%         N/A       83%         2
 Ignite Poison            Fire/Tmut/Pois 6%         N/A       83%         3
 Confusing Touch          Hex            1%         N/A       96%         3
 Conjure Flame            Conj/Fire      1%         6-21      96%         3
 Dazzling Flash           Conj/Hex       2%         N/A       96%         3
 Gell's Gravitas          Tloc           0%         N/A       96%         3
 Inner Flame              Hex/Fire       1%         N/A       96%         3
 Lesser Beckoning         Tloc           0%         N/A       96%         3
 Mephitic Cloud           Conj/Pois/Air  1%         N/A       96%         3
 Portal Projectile        Hex/Tloc       2%         N/A       96%         3
 Swiftness                Air            1%         N/A       96%         3
 Teleport Other           Tloc           1%         N/A       96%         3
 Tukima's Dance           Hex            1%         N/A       96%         3
 Vampiric Draining        Necr           0%         2d6       96%         3
 Ice Form                 Ice/Tmut       9%         N/A       98%         4
 Petrify                  Tmut/Erth      9%         N/A       98%         4
 Airstrike                Air            0%         N/A       100%        4
 Animate Armour           Summ/Erth      2%         N/A       100%        4
 Animate Dead             Necr           0%         N/A       100%        4
 Cause Fear               Hex            0%         N/A       100%        4
 Fulminant Prism          Conj/Hex       0%         3d6       100%        4
 Iskenderun's Mystic Bla  Conj/Tloc      1%         2d3       100%        4
 Leda's Liquefaction      Hex/Erth       0%         N/A       100%        4
 Olgreb's Toxic Radiance  Pois           1%         N/A       100%        4
 Sticky Flame             Conj/Fire      1%         2d3       100%        4
 Summon Ice Beast         Ice/Summ       1%         N/A       100%        4
 Summon Lightning Spire   Summ/Air       1%         N/A       100%        4
 Agony                    Necr           1%         N/A       100%        5
 Alistair's Intoxication  Tmut/Pois      6%         N/A       100%        5
 Bolt of Magma            Conj/Fire/Erth 0%         4d4       100%        5
 Borgnjor's Vile Clutch   Necr/Erth      0%         N/A       100%        5
 Fireball                 Conj/Fire      0%         3d3       100%        5
 Irradiate                Conj/Tmut      4%         3d15      100%        5
 Iskenderun's Battlesphe  Conj           1%         2d6       100%        5
 Lightning Bolt           Conj/Air       0%         1d11      100%        5
 Manifold Assault         Tloc           1%         N/A       100%        5
 Metabolic Englaciation   Hex/Ice        0%         N/A       100%        5
 Silence                  Hex/Air        0%         N/A       100%        5
 Yara's Violent Unravell  Hex/Tmut       4%         3d4       100%        5
 Eringya's Noxious Bog    Tmut/Pois      4%         N/A       100%        6
 Freezing Cloud           Conj/Ice/Air   0%         6-21      100%        6
 Invisibility             Hex            0%         N/A       100%        6
 Iron Shot                Conj/Erth      0%         9d1       100%        6
 Shadow Creatures         Summ           N/A        N/A       100%        6
 Simulacrum               Ice/Necr       0%         N/A       100%        6
 Malign Gateway           Summ/Tloc      0%         N/A       100%        7
 Orb of Destruction       Conj           0%         N/A       100%        7
 Ozocubu's Refrigeration  Ice            0%         4d5       100%        7
 Spellforged Servitor     Conj/Summ      0%         N/A       100%        7
 Chain Lightning          Conj/Air       0%         N/A       100%        8
 Discord                  Hex            0%         N/A       100%        8
 Ignition                 Fire           0%         3d3       100%        8
 Lehudib's Crystal Spear  Conj/Erth      0%         10d2      100%        8
 Absolute Zero            Ice            0%         ∞         100%        9
 Fire Storm               Conj/Fire      0%         6d1       100%        9
 Shatter                  Erth           0%         3d5*      100%        9
 Tornado                  Air            0%         N/A       100%        9


Dungeon Overview and Level Annotations

Branches:
Dungeon (15/15)            Temple (1/1) D:7            Lair (6/6) D:9
  Swamp (4/4) Lair:2        Snake (4/4) Lair:2        Slime (5/5) Lair:5
    Orc (2/2) D:12            Elf (0/3) Orc:2        Vaults (5/5) D:14
  Crypt (0/3) Vaults:3     Depths (5/5) D:15            Zot (5/5) Depths:5
  IceCv (visited)          WizLab (visited)         Gauntlet (visited)

Altars:
Ashenzari
Cheibriados
Dithmenos
Elyvilon
Fedhas
Gozag
Hepliaklqana
Kikubaaqudgha
Makhleb
Nemelex Xobeh
Okawaru
Qazlal
Ru
Sif Muna
Trog
Uskayaw
Vehumet
Wu Jian
Xom
Yredelemnul
Zin
The Shining One
Beogh
Jiyva

Shops:
D:5 [[(!   D:12 [[*   Orc:2 (=[(   Snake:2 ::[*   Vaults:2 [
Vaults:5 (???=!=?   Zot:1 *   Depths:2 =   Depths:3 ==:

Portals:
Hell: Depths:1 Depths:2 Depths:3 Depths:4 Depths:5
Abyss: Depths:1 Depths:2 Depths:3 Depths:4 Depths:5
Pandemonium: Depths:3 Depths:4 Depths:5
Ziggurat: Depths:4

Annotations:
D:5 exclusion: downstairs
D:7 Erica
D:8 exclusion: downstairs
D:11 3 runed translucent doors, Bnni's ghost, journeyman TeAE
D:12 exclusion: downstairs
D:14 2 transporters, Kinoniko's ghost, journeyman DrBe
Lair:1 exclusion: oklob plant
Lair:2 exclusion: downstairs
Depths:2 3 runed translucent doors, knorpule3000's ghost, veteran HuWn
Depths:4 3 runed translucent doors


Innate Abilities, Weirdness & Mutations

You have a pair of horns on your head.
You reflexively headbutt those who attack you in melee.
You are partially covered in iridescent scales. (AC +2)
You are partially covered in large bone plates. (SH +4)
Your body sometimes deteriorates upon taking damage.
Your flesh is heat resistant. (rF+)
You are weak. (Str -2)


Message History

There is a stone staircase leading down here.
Things that are here:
a +0 hand crossbow; a +0 robe; a +0 war axe You see here a +0 great sword.
There is an escape hatch in the ceiling here.
A mysterious force pulls you upwards. The hatch slams shut behind you.
Level annotation: exclusion: downstairs You see here a +0 giant club.
There is a stone staircase leading up here.
You climb upwards.
There is a stone staircase leading down here.
Things that are here:
a +0 leather armour; a +0 short sword; a potion of degeneration You see here a potion of degeneration.
You see here a +0 whip.
Items here: ))) [[.
Things that are here:
a +0 robe; a +0 dagger
There is a stone staircase leading up here.
You climb upwards.
There is a stone staircase leading down here.
There is a stone staircase leading up here.
You climb upwards.
There is a stone staircase leading down here.
An Ice Fiend comes into view.
The Ice Fiend gestures at you. The bolt of cold misses you.
There is an escape hatch in the ceiling here.
A mysterious force pulls you upwards. The hatch slams shut behind you.
(D) Dungeon (T) Temple (L) Lair (S) Swamp (P) Snake Pit (M) Slime Pits (O) Orcish Mines (E) Elven Halls (V) Vaults (C) Crypt (U) Depths (H) Hell (Z) Zot
Where to? (Enter - D:1 @ (x,y), ? - help)
There is an open door here.
A Tzitzimitl comes into view.
Blink to where?
Press: ? - help, Dir - move target
As you read the scroll of blinking {@r4}, it crumbles to dust.
You have escaped!

..# #.......# ####'#####..##....#
..# #.......#######.#####..##....#
..###.......##.............##....#
............1.........⌠...>##....#
............#####.###.....###....#
............# ##'###..##....##.##
##...)...#### #...##..##.#####.###
#..........# #...##..##.#####....
#..........# #.@.##..##.......###
##..........# #...##..##..####.#
............# #...##..##.......###
#####.......# ######..##..........
#.......# #..##..###..##.
#.......# #.###..........
###########.# #.....##.#..##.
#...##...#### ####........##.
.#......#.# ###'###.....


There were no monsters in sight!

Vanquished Creatures
  the Royal Jelly (Slime:5)
  An orb of fire (Zot:1)
  A dread lich (Vaults:5)
  6 ancient liches
  Mennas (Vaults:3)
  Boris (thrice) (Vaults:3 Depths:3 Depths:4)
  Bai Suzhen (Vaults:4)
  Margery (Vaults:5)
  A curse toe (Zot:5)
  2 caustic shrikes (Depths:4)
  Vashnia (Snake:2)
  6 Killer Klowns
  Nikola (Snake:4)
  6 golden dragons
  4 starcursed masses (Abyss:4)
  3 bone dragons
  An electric golem (Zot:1)
  A Cloud Mage (WizLab)
  Jorgrun (Swamp:3)
  3 liches
  Rupert (D:14)
  14 tentacled monstrosities
  7 titans
  10 Orb Guardians
  4 death cobs (Zot:1)
  4 tentacled starspawn
  6 quicksilver dragons
  13 acid blobs
  6 shadow dragons
  Gastronok (Lair:1)
  7 sphinxes
  Donald (Snake:1)
  A thorn hunter (Swamp:1)
  4 storm dragons
  10 nagarajas
  2 fenstrider witches
  8 tengu reavers
  8 rockslimes
  A rockslime (shapeshifter) (Vaults:5)
  2 draconian knights (Zot:1)
  13 frost giants
  A draconian monk (Depths:5)
  11 fire giants
  7 azure jellies
  An iron dragon (Depths:5)
  3 draconian scorchers
  12 vault wardens
  A ghost moth (Zot:3)
  Louise (Depths:1)
  A juggernaut zombie (Depths:2)
  Aizul (Snake:2)
  2 orc warlords
  A balrug (Depths:1)
  2 deep elf sorcerers
  3 ghouls
  3 draconian annihilators
  A caustic shrike skeleton (Depths:3)
  A spriggan defender (Depths:3)
  4 war gargoyles
  5 draconian shifters
  21 ironbound preservers
  2 reapers (D:13)
  7 quicksilver oozes
  A draconian stormcaller (Zot:1)
  47 very ugly things
  A juggernaut skeleton (Depths:2)
  A quicksilver ooze (shapeshifter) (Depths:2)
  2 vampire knights
  4 deep elf demonologists
  A dire elephant (Vaults:3)
  2 purple draconians (Zot:1)
  16 stone giants
  2 white draconians (Zot:1)
  3 entropy weavers
  3 black draconians
  3 yellow draconians (Zot:1)
  6 green draconians
  A deep elf annihilator (Depths:2)
  4 red draconians (Zot:1)
  13 spark wasps
  6 bunyips
  An ettin (shapeshifter) (Depths:5)
  2 eleionomae
  17 ettins
  A merfolk javelineer (Abyss:4)
  2 green deaths
  5 blizzard demons
  2 shambling mangroves
  10 fire dragons
  15 yaktaur captains
  Josephine (Orc:1)
  9 ice dragons
  9 boulder beetles
  Harold (D:8)
  5 ironbound thunderhulks
  17 great orbs of eyes
  4 deep elf high priests
  29 vault guards
  6 salamander tyrants
  14 naga warriors
  A peacekeeper (Vaults:1)
  21 hydras
  8 ironbound frosthearts
  5 rakshasas
  8 spriggan air magi
  5 ghost crabs (WizLab)
  3 catoblepae
  19 anacondas
  An ogre mage (Vaults:5)
  7 centaur warriors
  A two-headed ogre (D:9)
  8 tengu warriors
  6 alligators
  10 death yaks
  A death knight (Vaults:3)
  A satyr (Abyss:4)
  6 deep troll earth magi
  9 deep troll shamans
  6 spriggan berserkers
  2 vampire magi
  A hell hog (Depths:5)
  3 orc high priests (Orc:2)
  A titan zombie (Depths:3)
  2 ironbound beastmasters
  14 naga sharpshooters
  13 shock serpents
  8 thrashing horrors
  6 sun demons
  3 wretched stars
  2 soul eaters
  A sixfirhy (Depths:5)
  A goliath frog (Swamp:2)
  11 hell knights
  7 salamander mystics
  73 deep trolls
  2 spatial maelstroms
  A shadow wraith (Vaults:5)
  A cherub (D:11)
  2 death drakes (WizLab)
  A golden dragon zombie (Depths:3)
  A sea snake (shapeshifter) (Depths:5)
  4 spectral anacondas (Snake:2)
  10 iron trolls
  10 skeletal warriors
  13 sea snakes
  4 swamp dragons
  A glowing orange brain (shapeshifter) (Vaults:5)
  An infernal demonspawn (Depths:5)
  6 anaconda zombies (Snake:2)
  7 naga ritualists
  A gelid demonspawn (Depths:5)
  6 glowing orange brains
  4 flayed ghosts
  Pikel (D:4)
  35 salamanders
  3 lindwurms
  3 spriggan druids
  6 bog bodies
  5 wizards
  10 anaconda skeletons (Snake:2)
  A harpy (shapeshifter) (D:15)
  6 phantasmal warriors (Vaults:5)
  6 necromancers
  4 orc knights
  50 ugly things
  9 mana vipers
  16 ironbound convokers
  3 orc sorcerers
  4 manticores
  2 iron dragon skeletons
  5 cyclopes
  A will-o-the-wisp (Swamp:1)
  2 moths of wrath (shapeshifter)
  7 moths of wrath
  A shining eye (Slime:4)
  A cyclops (shapeshifter) (Depths:2)
  2 worldbinders
  4 centaur zombies
  Maurice (D:8)
  18 naga magi
  12 elephants
  3 rust devils (Depths:5)
  An eye of devastation (Gauntlet)
  7 apocalypse crabs
  24 black mambas
  19 guardian serpents
  A torpor snail (Lair:6)
  A water nymph (shapeshifter) (Vaults:5)
  2 gargoyles
  7 smoke demons
  An ice statue (IceCv)
  20 vault sentinels
  2 orange demons (Depths:5)
  2 komodo dragons (shapeshifter)
  17 cane toads
  2 minotaur zombies (Gauntlet)
  An unseen horror (shapeshifter) (Vaults:2)
  6 rime drakes
  12 freezing wraiths
  12 komodo dragons
  3 tengu conjurers
  43 yaktaurs
  3 hellions
  7 anaconda simulacra
  8 ice devils
  3 hellwings
  3 polar bears
  5 ancient zymes
  4 golden dragon simulacra (IceCv)
  A silent spectre (Abyss:2)
  2 red devils
  A jumping spider (Vaults:5)
  A jumping spider (shapeshifter) (D:13)
  4 trolls
  14 tyrant leeches
  2 wind drakes (WizLab)
  Prince Ribbit (D:5)
  9 hornets
  4 raiju (Abyss:4)
  32 blink frogs
  A dream sheep (Lair:6)
  99 slime creatures
  Grinder (D:5)
  An ettin zombie (Vaults:4)
  2 shadows
  11 air elementals (WizLab)
  A redback (shapeshifter) (D:15)
  A water elemental (Depths:3)
  2 ynoxinuls
  6 spriggans
  9 wyverns
  A basilisk (shapeshifter) (D:13)
  2 dire elephant simulacra (IceCv)
  3 vampires
  2 redbacks
  40 yaks
  7 basilisks
  2 steam dragons (Lair:6)
  8 large abominations
  A golden eye (shapeshifter) (D:13)
  6 wraiths
  4 neqoxecs
  2 fire bats (Depths:5)
  7 golden eyes
  A death yak simulacrum (IceCv)
  A human (D:13)
  5 chaos spawn
  5 swamp worm simulacra (Swamp:4)
  3 iron troll simulacra (IceCv)
  2 wargs
  Menkaure (D:5)
  3 harpy simulacra (IceCv)
  15 vampire mosquitoes
  7 spatial vortices
  Edmund (D:5)
  12 swamp worms
  2 acid dragons
  17 hydra simulacra
  52 nagas
  Duvessa (D:4)
  2 floating eyes
  21 water moccasins
  A swamp drake (Lair:6)
  A sky beast (D:8)
  33 orc warriors
  A sky beast (shapeshifter) (Gauntlet)
  An ice beast (D:7)
  4 necrophages
  3 boggarts (Vaults:1)
  4 small abominations
  10 wolves
  8 centaurs
  3 ogres
  A lemure (D:4)
  2 kobold brigands
  15 bullfrogs
  A gnoll sergeant (D:6)
  2 scorpions
  A human skeleton (Vaults:4)
  A wyvern skeleton (D:5)
  A water moccasin zombie (D:5)
  Dowan (D:4)
  6 killer bees (D:7)
  2 water moccasin skeletons
  4 wights
  6 electric eels
  3 draconian simulacra (IceCv)
  19 orc priests
  A centaur skeleton (D:4)
  A bullfrog skeleton (D:5)
  An iron imp (Abyss:3)
  3 gnoll shamans
  6 iguanas
  31 orc wizards
  2 scorpion zombies
  A spriggan simulacrum (IceCv)
  2 troll simulacra (IceCv)
  2 centaur simulacra (IceCv)
  A hound skeleton (D:3)
  14 gnolls
  7 adders
  A howler monkey skeleton (D:7)
  4 naga simulacra (IceCv)
  2 ogre simulacra (IceCv)
  A shadow imp (D:7)
  10 white imps
  6 ufetubi
  3 swamp drake simulacra (Swamp:4)
  2 worms
  2 dart slugs
  91 orcs
  6 bats
  5 endoplasms
  4 giant cockroaches
  6 goblins
  8 hobgoblins
  2 jackals (D:2)
  2 quokkas
  2 ball pythons
  4 frilled lizards
  14 kobolds
  7 rats
  A lurking horror (Abyss:4)
  2 starspawn tentacles (Abyss:4)
2143 creatures vanquished.

Vanquished Creatures (collateral kills)
  An electric golem (Zot:5)
  3 Orb Guardians (Zot:5)
  A titan (Vaults:5)
  Asterion (Snake:1)
  A shadow dragon (Vaults:5)
  A fire giant (Vaults:5)
  An ironbound preserver (Vaults:5)
  A very ugly thing (Vaults:3)
  A black draconian (Zot:5)
  A minotaur (Gauntlet)
  A yaktaur captain (Vaults:1)
  3 hydras
  A centaur warrior (Vaults:1)
  A vampire mage (Vaults:3)
  A deep troll earth mage (Vaults:5)
  4 deep trolls (Vaults:5)
  A wizard (Vaults:2)
  A salamander (Snake:3)
  A shining eye (Slime:5)
  An ugly thing (D:13)
  An elephant (Lair:5)
  2 vault sentinels
  Joseph (Lair:1)
  A cane toad (Lair:1)
  A yaktaur (Vaults:2)
  9 slime creatures
  A basilisk (Lair:6)
  A naga (Snake:1)
44 creatures vanquished.

Vanquished Creatures (others)
  2 dread liches (Zot:5)
  An ancient lich (Zot:5)
  A Killer Klown (Zot:5)
  An electric golem (Zot:5)
  15 Orb Guardians (Zot:5)
  A tentacled monstrosity (Zot:1)
  A storm dragon (Zot:5)
  A shadow dragon (Zot:5)
  A draconian stormcaller (Zot:5)
  A spriggan air mage (WizLab)
  2 shock serpents (Snake:1)
  A large abomination (Abyss:4)
  A death drake (WizLab)
  A sea snake (Snake:3)
  A moth of wrath (Zot:5)
  An apocalypse crab (Abyss:4)
  A wind drake (WizLab)
  A slime creature (Zot:5)
  A raiju (Abyss:4)
  A flying skull (Abyss:4)
  An air elemental (WizLab)
  A swamp worm (Swamp:4)
  A small abomination (Abyss:4)
  An electric eel (Snake:3)
  2 orcs (Orc:1)
  A briar patch (Swamp:1)
  25 fungi
  A lurking horror (Abyss:4)
  131 plants
  13 starspawn tentacles
213 creatures vanquished.

Grand Total: 2400 creatures vanquished

Notes
Turn   | Place    | Note
-------+----------+-------------------------------------------
     0 | D:1      | Sergey the Minotaur Wanderer began the quest for the Orb.
     0 | D:1      | Sergey set off with the following items: a +2 spear, a
                  | potion of lignification, a scroll of teleportation {@r3}, a
                  | +0 robe, a +0 dagger
     0 | D:1      | Reached XP level 1. HP: 19/19 MP: 0/0
   187 | D:1      | Reached XP level 2. HP: 27/27 MP: 1/1
   998 | D:2      | Reached XP level 3. HP: 29/34 MP: 2/2
  1926 | D:3      | Found a faded altar of an unknown god.
  2005 | D:3      | Reached XP level 4. HP: 40/41 MP: 3/3
  2053 | D:3      | Reached skill level 5 in Fighting
  2121 | D:3      | Reached skill level 5 in Polearms
  3111 | D:3      | Reached XP level 5. HP: 48/48 MP: 4/4
  3267 | D:4      | Noticed a necrophage
  3277 | D:4      | Killed a necrophage
  3278 | D:4      | Reached skill level 1 in Shields
  3279 | D:4      | Noticed a necrophage
  3308 | D:4      | Killed a necrophage
  3309 | D:4      | Reached skill level 2 in Shields
  3309 | D:4      | Reached XP level 6. HP: 58/58 MP: 5/5
  3426 | D:4      | Noticed Duvessa
  3426 | D:4      | Noticed Dowan
  3739 | D:4      | Killed Dowan
  3740 | D:4      | Reached skill level 3 in Shields
  3764 | D:4      | Killed Duvessa
  3765 | D:4      | Reached skill level 1 in Maces & Flails
  3765 | D:4      | Reached XP level 7. HP: 57/66 MP: 6/6
  3972 | D:4      | Noticed Pikel
  3992 | D:4      | Killed Pikel
  3993 | D:4      | Reached skill level 5 in Maces & Flails
  3993 | D:4      | Reached skill level 4 in Shields
  3993 | D:4      | Reached XP level 8. HP: 43/74 MP: 7/7
  4296 | D:5      | Entered Level 5 of the Dungeon
  4298 | D:5      | Noticed Menkaure
  4308 | D:5      | Killed Menkaure
  4379 | D:5      | Found Plog's Distillery.
  4387 | D:5      | Bought a potion of invisibility for 120 gold pieces
  4448 | D:5      | Reached skill level 1 in Armour
  4596 | D:5      | Found Coocridi's Antique Armour Shoppe.
  4693 | D:5      | Noticed Grinder
  4719 | D:5      | Killed Grinder
  4770 | D:5      | Noticed Edmund
  4777 | D:5      | Killed Edmund
  4850 | D:5      | Reached XP level 9. HP: 78/82 MP: 8/8
  4908 | D:5      | Found a radiant altar of Vehumet.
  4910 | D:5      | Found a blossoming altar of Fedhas.
  4912 | D:5      | Found a glowing golden altar of the Shining One.
  4914 | D:5      | Found a burning altar of Makhleb.
  4915 | D:5      | Found a snail-covered altar of Cheibriados.
  5137 | D:5      | Noticed Prince Ribbit
  5148 | D:5      | Killed Prince Ribbit
  5152 | D:5      | Learned a level 2 spell: Wereblood
  5207 | D:5      | Found Deill's Armour Boutique.
  5231 | D:5      | Found Loaqei Houwe's Antique Weapon Boutique.
  5610 | D:6      | Reached skill level 1 in Transmutations
  6113 | D:6      | Reached skill level 5 in Armour
  6206 | D:5      | Reached skill level 5 in Dodging
  6821 | D:7      | Reached skill level 10 in Fighting
  7027 | D:7      | Identified the +1 short sword "Akhlill" {vorpal, +Blink
                  | +Rage rElec rC-}
  7209 | D:7      | Reached skill level 1 in Long Blades
  7376 | D:7      | Reached XP level 10. HP: 69/93 MP: 9/9
  8258 | D:7      | Found a staircase to the Ecumenical Temple.
  8268 | Temple   | Entered the Ecumenical Temple
  8458 | Temple   | Became a worshipper of Gozag Ym Sagoz the Greedy
  8616 | D:8      | Noticed Harold
  8616 | D:8      | Noticed Erica
  8665 | D:8      | Noticed Maurice
  8679 | D:8      | Reached skill level 5 in Shields
  8696 | D:8      | Killed Maurice
  8738 | D:6      | Identified the +9 double sword of the Briny Deep
                  | {antimagic, rPois Stlth+}
  9151 | D:8      | Killed Harold
  9152 | D:8      | Reached skill level 6 in Shields
  9295 | D:8      | Found a shimmering altar of Xom.
  9296 | D:8      | Found a shimmering altar of Xom.
  9298 | D:8      | Found a shimmering altar of Xom.
  9298 | D:8      | Found a shimmering altar of Xom.
  9671 | D:5      | Bought a brightly glowing scimitar for 216 gold pieces
  9671 | D:5      | Identified the +9 scimitar of Painful Death {drain, Int+2}
                  | (You bought it in a shop on level 5 of the Dungeon)
  9990 | D:8      | Reached skill level 5 in Long Blades
 10338 | D:9      | Reached skill level 7 in Shields
 10391 | D:9      | Found a staircase to the Lair.
 10535 | D:9      | Noticed a two-headed ogre
 10616 | D:8      | Reached XP level 11. HP: 59/102 MP: 10/10
 10652 | D:9      | Paralysed by a centaur for 2 turns
 10804 | D:9      | Paralysed by a centaur for 4 turns
 11071 | D:9      | Killed a two-headed ogre
 11669 | D:5      | Bought a potion of berserk rage for 75 gold pieces
 11669 | D:5      | Bought a potion of ambrosia for 120 gold pieces
 11669 | D:5      | Bought a potion of heal wounds for 75 gold pieces
 11669 | D:5      | Bought a potion of curing for 45 gold pieces
 11669 | D:5      | Bought a potion of curing for 45 gold pieces
 11669 | D:5      | Bought a potion of heal wounds for 75 gold pieces
 11757 | D:10     | Entered Level 10 of the Dungeon
 11966 | D:10     | Noticed a green ugly thing
 11984 | D:10     | Killed a green ugly thing
 12711 | D:11     | Reached skill level 8 in Shields
 12851 | D:11     | Found a runed translucent gate.
 12851 | D:11     | Found a runed translucent gate.
 12851 | D:11     | Found a runed translucent gate.
 12862 | D:11     | Noticed Bnni's ghost (journeyman TeAE)
 13625 | D:11     | Reached skill level 1 in Evocations
 14119 | Lair:1   | Entered Level 1 of the Lair of Beasts
 14119 | Lair:1   | Noticed Joseph
 14129 | Lair:1   | Paralysed by Joseph for 7 turns
 14135 | Lair:1   | Killed Joseph
 14267 | Lair:1   | Reached skill level 9 in Shields
 14428 | Lair:1   | Noticed a four-headed hydra
 14434 | Lair:1   | Killed a four-headed hydra
 14435 | Lair:1   | Reached skill level 10 in Armour
 14713 | Lair:1   | Noticed Gastronok
 15023 | D:12     | Reached XP level 12. HP: 102/112 MP: 3/11
 15170 | D:12     | Noticed a six-headed hydra
 15690 | D:12     | Noticed an eight-headed hydra
 16005 | D:12     | Killed a six-headed hydra
 16540 | D:12     | Reached skill level 10 in Shields
 16957 | D:12     | Found a staircase to the Orcish Mines.
 17379 | D:13     | Noticed a tengu warrior
 17394 | D:13     | Killed a tengu warrior
 17503 | D:13     | Noticed a boulder beetle
 17733 | Orc:1    | Entered Level 1 of the Orcish Mines
 18078 | Lair:1   | Reached skill level 10 in Long Blades
 18368 | Lair:1   | Killed Gastronok
 18752 | Lair:2   | Found a gate leading to a gauntlet.
 18776 | Gauntlet | Entered a Gauntlet
 18776 | Gauntlet | Found a transporter.
 18776 | Gauntlet | Found a transporter.
 18776 | Gauntlet | Found a runed translucent door.
 18841 | Gauntlet | Found a transporter.
 18845 | Gauntlet | Found a transporter.
 18854 | Gauntlet | Found a transporter.
 18857 | Gauntlet | Found a transporter.
 18865 | Gauntlet | Found a transporter.
 18880 | Gauntlet | Noticed a dire elephant
 18881 | Gauntlet | Found a transporter.
 18895 | Gauntlet | Found a transporter.
 18899 | Gauntlet | Found a transporter.
 18907 | Gauntlet | Found a transporter.
 18911 | Gauntlet | Found a transporter.
 18915 | Gauntlet | Found a runed translucent door.
 19302 | Gauntlet | Identified the +7 hand axe of Greed {freeze, Will+ Dex+4}
 19302 | Gauntlet | Noticed a minotaur
 19429 | Gauntlet | Killed a minotaur
 19450 | Gauntlet | Identified the +6 rapier of Hyusopar {vorpal, Str+2 Dex+3}
 19842 | Lair:2   | Found a staircase to the Snake Pit.
 20645 | Lair:2   | Reached XP level 13. HP: 118/118 MP: 4/12
 21031 | Lair:2   | Found a staircase to the Swamp.
 21270 | Lair:3   | Noticed Snorg
 21488 | Lair:3   | Noticed Snorg
 21488 | Lair:3   | Snorg changed into Snorg the orc
 21489 | Lair:3   | Killed Snorg the orc
 21933 | Lair:3   | Reached skill level 5 in Transmutations
 22993 | Lair:4   | Reached skill level 1 in Spellcasting
 24878 | Lair:5   | Reached skill level 11 in Shields
 25211 | Lair:5   | Reached XP level 14. HP: 125/126 MP: 5/16
 25770 | Lair:5   | Found a staircase to the Slime Pits.
 25997 | Lair:5   | Reached skill level 15 in Long Blades
 26723 | Lair:5   | Found the +3 pair of seven-league boots {Rampage+∞}
 27497 | Lair:6   | Entered Level 6 of the Lair of Beasts
 27528 | Lair:6   | Reached skill level 12 in Shields
 28797 | Lair:6   | Identified the ring "Ollab" {Wiz Int+3 Stlth+}
 28801 | Lair:6   | Identified the +6 spear of the Lair of Beasts {flame, Str+2
                  | Stlth+}
 29542 | Lair:6   | Reached XP level 15. HP: 129/132 MP: 5/17
 29587 | Lair:6   | Reached skill level 10 in Dodging
 30125 | D:13     | Reached skill level 13 in Shields
 30443 | D:13     | Noticed Sonja
 30450 | D:13     | Noticed Sonja
 30450 | D:13     | Sonja changed into Sonja the human
 30478 | D:13     | Killed Sonja the human
 31333 | D:14     | Found a transporter.
 31334 | D:14     | Noticed Kinoniko's ghost (journeyman DrBe)
 31335 | D:14     | Identified the +3 great mace of Youthful Indiscretion
                  | {freeze, Dex+4}
 31335 | D:14     | Noticed a frost giant
 31339 | D:14     | Found a transporter.
 31778 | D:14     | You fall into a shaft and drop 1 floor!
 31778 | D:15     | Entered Level 15 of the Dungeon
 32433 | D:15     | Reached skill level 14 in Shields
 33043 | D:14     | Reached skill level 15 in Shields
 33492 | D:14     | Found a gate to the Vaults.
 33492 | D:14     | Noticed Rupert
 34049 | D:12     | Bought an embroidered cloak for 225 gold pieces
 34049 | D:12     | Bought an embroidered cloak for 225 gold pieces
 34049 | D:12     | Bought a shiny plate armour for 780 gold pieces
 34080 | D:12     | Bought a potion of cancellation for 160 gold pieces
 34080 | D:12     | Bought a scroll of teleportation for 60 gold pieces
 34080 | D:12     | Bought a scroll of blinking for 150 gold pieces
 34080 | D:12     | Bought a scroll of enchant armour for 150 gold pieces
 34094 | Orc:1    | Noticed Josephine
 34579 | Orc:1    | Paralysed by an orc sorcerer for 4 turns
 34605 | Orc:1    | Killed Josephine
 35036 | Orc:2    | Entered Level 2 of the Orcish Mines
 35051 | Orc:2    | Found a staircase to the Elven Halls.
 35365 | Orc:2    | Noticed an orc warlord
 35390 | Orc:2    | Killed an orc warlord
 35414 | Orc:2    | Reached XP level 16. HP: 102/146 MP: 6/18
 35414 | Orc:2    | Found Jefipor's Antique Weapon Boutique.
 35606 | Orc:2    | Found Utrerghi's Antique Armour Shop.
 35844 | Orc:2    | Found Cimm's Antique Weapon Emporium.
 35846 | Orc:2    | Gained mutation: You are weak. (Str -2) [a neqoxec]
 35986 | Orc:2    | Found Cunicw's Jewellery Emporium.
 36250 | Orc:2    | Bought the ring "Trusted Companion" {rPois rN+ EV+4 Int-4}
                  | for 688 gold pieces
 36250 | Orc:2    | Bought the ring "Daitunik" {+Blink rCorr Str+4} for 678
                  | gold pieces
 36315 | Orc:2    | Bought a distressingly furry scale mail for 252 gold pieces
 36315 | Orc:2    | Identified the +3 scale mail of Matogett {Rampage +Inv
                  | Will+ Int-3} (You bought it in a shop on level 2 of the
                  | Orcish Mines)
 36315 | Orc:2    | Bought a glowing cloak for 210 gold pieces
 37007 | D:15     | Reached skill level 5 in Evocations
 37212 | D:15     | Found a staircase to the Depths.
 38097 | Swamp:1  | Entered Level 1 of the Swamp
 38643 | Swamp:1  | Noticed a thorn hunter
 38671 | Swamp:1  | Killed a thorn hunter
 38672 | Swamp:1  | Reached skill level 15 in Fighting
 39741 | Swamp:3  | Noticed Jorgrun
 39741 | Swamp:3  | Noticed a tentacled monstrosity
 39790 | Swamp:3  | Killed Jorgrun
 39798 | Swamp:3  | Killed a tentacled monstrosity
 39799 | Swamp:3  | Reached skill level 1 in Axes
 40601 | Swamp:4  | Entered Level 4 of the Swamp
 41513 | Swamp:4  | Reached XP level 17. HP: 127/156 MP: 6/19
 42775 | Swamp:4  | Reached skill level 5 in Axes
 43039 | Swamp:4  | Got a decaying rune of Zot
 43175 | Snake:1  | Entered Level 1 of the Snake Pit
 43654 | Snake:1  | Noticed Asterion
 43822 | Snake:1  | Killed Asterion
 44142 | Snake:1  | Noticed Donald
 44155 | Snake:1  | Killed Donald
 44750 | Snake:2  | Reached skill level 15 in Armour
 45400 | Snake:2  | Noticed Aizul
 46077 | Snake:2  | Noticed Vashnia
 46486 | Snake:2  | Found Aqaweck's General Store.
 46488 | Snake:2  | Found Bumargh's Armour Shoppe.
 46488 | Snake:2  | Found Mepnasot's Book Emporium.
 46493 | Snake:2  | Found Voineif's Book Emporium.
 46496 | Snake:2  | Bought a +2 kite shield of protection for 387 gold pieces
 46540 | Snake:2  | Bought the +6 chain mail "Pythas" {rF+ Int+3 Slay+2} for
                  | 1200 gold pieces
 46741 | Snake:2  | Killed Vashnia
 46938 | Snake:2  | Killed Aizul
 46939 | Snake:2  | Reached skill level 10 in Evocations
 47288 | Snake:3  | Reached XP level 18. HP: 161/168 MP: 6/20
 48260 | Snake:3  | Identified the +0 leather armour of the Cartwright {Dex+4}
 50050 | Snake:4  | Entered Level 4 of the Snake Pit
 50056 | Snake:4  | Found a frozen archway.
 50070 | IceCv    | Entered an ice cave
 51705 | IceCv    | Identified the amulet of Zeceul {Acrobat Drain rF+ Will+
                  | Regen+}
 51726 | IceCv    | Identified the +0 pair of boots of Day {Harm rC+}
 52131 | Snake:4  | Noticed Nikola
 52145 | Snake:4  | Killed Nikola
 52178 | Snake:4  | Reached skill level 10 in Axes
 52548 | Snake:4  | Reached XP level 19. HP: 177/177 MP: 7/21
 52982 | Snake:4  | Got a serpentine rune of Zot
 53712 | Orc:2    | Bought the +14 obsidian axe {vorpal, Drain Fly SInv} for
                  | 2259 gold pieces
 53712 | Orc:2    | Found the +14 obsidian axe {vorpal, Drain Fly SInv}
 54073 | D:14     | Killed Rupert
 54103 | Vaults:1 | Entered Level 1 of the Vaults
 54255 | Vaults:1 | Found a flickering gateway to a bazaar.
 54315 | Bazaar   | Entered a bazaar
 54318 | Bazaar   | Found Tyasod's General Store.
 54322 | Bazaar   | Found Lowk's Antique Armour Boutique.
 54322 | Bazaar   | Found Cesehig's Armour Boutique.
 54323 | Bazaar   | Found Repo's General Store.
 54328 | Bazaar   | Bought a scroll of fog for 28 gold pieces
 54328 | Bazaar   | Bought a potion of mutation for 112 gold pieces
 54343 | Bazaar   | Bought the +3 crown of Dyrovepreva {rElec Int+2 SInv} for
                  | 1035 gold pieces
 54343 | Bazaar   | Found the +3 crown of Dyrovepreva {rElec Int+2 SInv}
 55596 | Vaults:2 | Reached XP level 20. HP: 187/187 MP: 22/22
 55991 | Vaults:2 | Found Myxkon's Armour Shoppe.
 56555 | Vaults:2 | Reached skill level 15 in Axes
 56848 | Vaults:3 | Noticed Mennas
 56863 | Vaults:3 | Killed Mennas
 57086 | Vaults:3 | Noticed Boris
 57104 | Vaults:3 | Killed Boris
 57942 | Vaults:3 | Found a staircase to the Crypt.
 58160 | Vaults:4 | Noticed Bai Suzhen
 58176 | Vaults:4 | Found a magical portal.
 58187 | Vaults:4 | Killed Bai Suzhen
 58216 | WizLab   | Entered The Chambers of the Cloud Mage
 58466 | WizLab   | Reached XP level 21. HP: 169/187 MP: 7/23
 58940 | WizLab   | Identified the Catalogue of Air
 59959 | Vaults:4 | Reached skill level 16 in Shields
 60176 | Vaults:4 | Reached skill level 15 in Dodging
 60587 | Depths:1 | Entered Level 1 of the Depths
 61048 | Depths:1 | Noticed Louise
 61060 | Depths:1 | Killed Louise
 61174 | Depths:1 | Found a one-way gate to the infinite horrors of the Abyss.
 61322 | Depths:1 | Found a gateway to Hell.
 61340 | Depths:1 | Identified the +6 plate armour of Happy Babbling {+Blink
                  | rN+ Int+3 Slay-5}
 61455 | Depths:1 | Reached skill level 17 in Shields
 61889 | Depths:2 | Found Musuce Saramm's Jewellery Shop.
 62063 | Depths:2 | Reached XP level 22. HP: 207/207 MP: 8/24
 62403 | Depths:2 | Noticed a golden dragon
 62411 | Depths:2 | Killed a golden dragon
 62718 | Depths:2 | Found a runed translucent gate.
 62718 | Depths:2 | Found a runed translucent gate.
 62718 | Depths:2 | Found a runed translucent gate.
 62775 | Depths:2 | Reached skill level 18 in Shields
 62811 | Depths:2 | Found a runed translucent gate.
 62811 | Depths:2 | Found a runed translucent gate.
 62813 | Depths:2 | Noticed knorpule3000's ghost (veteran HuWn)
 62818 | Depths:2 | Found a runed translucent gate.
 62818 | Depths:2 | Identified the +1 robe of Ditikaigat {rF+++ Str+5 Int-3
                  | Stlth+}
 63142 | Depths:3 | Found Tiemaug's Book Boutique.
 63142 | Depths:3 | Found Bihinnala's Jewellery Emporium.
 63142 | Depths:3 | Found Sedearo's Jewellery Emporium.
 63216 | Depths:3 | Gained mutation: You are very weak. (Str -4) [a neqoxec]
 63218 | Depths:3 | Gained mutation: Armour fits poorly on your strangely
                  | shaped body. [a neqoxec]
 63220 | Depths:3 | Gained mutation: You are frail. (-10% HP) [a neqoxec]
 63272 | Depths:3 | Found a one-way gate leading to the halls of Pandemonium.
 63281 | Depths:3 | Lost mutation: Armour fits poorly on your strangely shaped
                  | body. [potion of mutation]
 63281 | Depths:3 | Lost mutation: You are frail. (-10% HP) [potion of
                  | mutation]
 63281 | Depths:3 | Lost mutation: You are very weak. (Str -4) [potion of
                  | mutation]
 63281 | Depths:3 | Gained mutation: You are partially covered in iridescent
                  | scales. (AC +2) [potion of mutation]
 63281 | Depths:3 | Gained mutation: Your body sometimes deteriorates upon
                  | taking damage. [potion of mutation]
 63281 | Depths:3 | Gained mutation: Your flesh is heat resistant. (rF+)
                  | [potion of mutation]
 63281 | Depths:3 | Gained mutation: You are partially covered in large bone
                  | plates. (SH +4) [potion of mutation]
 63523 | Depths:3 | Reached skill level 19 in Shields
 64203 | Depths:3 | Reached skill level 20 in Shields
 64375 | Depths:3 | Noticed Boris
 64385 | Depths:3 | Killed Boris
 64386 | Depths:3 | Reached XP level 23. HP: 137/215 MP: 9/25
 64960 | Depths:4 | Noticed Boris
 64982 | Depths:4 | Killed Boris
 65146 | Depths:4 | Found a gateway to a ziggurat.
 65325 | Depths:4 | Found a runed translucent door.
 65325 | Depths:4 | Found a runed translucent door.
 65370 | Depths:4 | Found a runed translucent door.
 65521 | Depths:4 | Noticed a caustic shrike
 65521 | Depths:4 | Noticed a caustic shrike
 65532 | Depths:4 | Killed a caustic shrike
 65553 | Depths:4 | Killed a caustic shrike
 65570 | Depths:4 | Identified the +4 ring mail "Ewix" {rElec Regen+ Int+4
                  | Slay-5}
 65572 | Depths:4 | Identified the ring "Beoveet" {rN+ rCorr Int+4}
 65583 | Depths:4 | Identified the +9 lajatang of Charity {antimagic, rElec
                  | rF+}
 66022 | Depths:5 | Entered Level 5 of the Depths
 66279 | Depths:5 | Identified the +5 chain mail of Inviolability {Fly Str-5
                  | Dex-4 Slay+6}
 66294 | Depths:5 | Found a white marble altar of Elyvilon.
 66904 | Depths:5 | Reached XP level 24. HP: 226/226 MP: 8/25
 66945 | Depths:5 | Bought a scroll of identify for 46 gold pieces
 66945 | Depths:5 | Bought a scroll of enchant armour for 172 gold pieces
 66945 | Depths:5 | Bought a scroll of fear for 80 gold pieces
 66945 | Depths:5 | Bought a scroll of identify for 46 gold pieces
 66945 | Depths:5 | Bought a scroll of blinking for 172 gold pieces
 66945 | Depths:5 | Bought a scroll of teleportation for 69 gold pieces
 66945 | Depths:5 | Bought a scroll of torment for 172 gold pieces
 66945 | Depths:5 | Bought a scroll of teleportation for 69 gold pieces
 66945 | Depths:5 | Bought a scroll of teleportation for 69 gold pieces
 66945 | Depths:5 | Bought a scroll of vulnerability for 172 gold pieces
 66945 | Depths:5 | Bought a scroll of identify for 46 gold pieces
 66945 | Depths:5 | Bought a scroll of teleportation for 69 gold pieces
 66945 | Depths:5 | Bought a scroll of magic mapping for 80 gold pieces
 66998 | Depths:5 | Found a gate to the Realm of Zot.
 67044 | Depths:5 | Reached skill level 21 in Shields
 67089 | Depths:5 | Reached XP level 25. HP: 206/235 MP: 8/25
 67766 | Vaults:5 | Entered Level 5 of the Vaults
 68641 | Vaults:5 | Noticed a dread lich
 68655 | Vaults:5 | Noticed Margery
 68656 | Vaults:5 | Noticed an ancient lich
 68762 | Vaults:5 | Killed Margery
 68784 | Vaults:5 | Killed a dread lich
 68947 | Vaults:5 | Killed an ancient lich
 69008 | Vaults:5 | Reached skill level 22 in Shields
 69251 | Vaults:5 | Noticed an ancient lich
 69262 | Vaults:5 | Killed an ancient lich
 69304 | Vaults:5 | Reached skill level 15 in Evocations
 69318 | Vaults:5 | Found Fepexuwn's Magic Scroll Shop.
 69324 | Vaults:5 | Bought a scroll of fog for 26 gold pieces
 69324 | Vaults:5 | Bought a scroll of teleportation for 39 gold pieces
 69324 | Vaults:5 | Bought a scroll of enchant weapon for 97 gold pieces
 69324 | Vaults:5 | Bought a scroll of teleportation for 39 gold pieces
 69357 | Vaults:5 | Reached XP level 26. HP: 244/246 MP: 8/25
 69474 | Vaults:5 | Found Qynaer's Magic Scroll Shoppe.
 69474 | Vaults:5 | Found Ferhi's Magic Scroll Shop.
 69479 | Vaults:5 | Bought a scroll of enchant armour for 150 gold pieces
 69479 | Vaults:5 | Bought a scroll of teleportation for 60 gold pieces
 69479 | Vaults:5 | Bought a scroll of blinking for 150 gold pieces
 69479 | Vaults:5 | Bought a scroll of enchant armour for 150 gold pieces
 69479 | Vaults:5 | Bought a scroll of teleportation for 60 gold pieces
 69488 | Vaults:5 | Bought a scroll of summoning for 218 gold pieces
 69488 | Vaults:5 | Bought a scroll of enchant armour for 172 gold pieces
 69488 | Vaults:5 | Bought a scroll of teleportation for 69 gold pieces
 69539 | Vaults:5 | Noticed an ancient lich
 69549 | Vaults:5 | Killed an ancient lich
 69550 | Vaults:5 | Reached skill level 23 in Shields
 69924 | Vaults:5 | Found Pesos's Distillery.
 69928 | Vaults:5 | Bought a potion of curing for 51 gold pieces
 69928 | Vaults:5 | Bought a potion of haste for 170 gold pieces
 69928 | Vaults:5 | Bought a potion of might for 68 gold pieces
 69928 | Vaults:5 | Bought a potion of magic for 136 gold pieces
 69928 | Vaults:5 | Bought a potion of curing for 51 gold pieces
 69932 | Vaults:5 | Found Rommulokh's Jewellery Shop.
 69988 | Vaults:5 | Found Owomixt's Jewellery Boutique.
 70004 | Vaults:5 | Found Jar Utt's Magic Scroll Emporium.
 70008 | Vaults:5 | Bought a scroll of fear for 73 gold pieces
 70008 | Vaults:5 | Bought a scroll of enchant armour for 157 gold pieces
 70008 | Vaults:5 | Bought a scroll of blinking for 157 gold pieces
 70008 | Vaults:5 | Bought a scroll of magic mapping for 73 gold pieces
 70008 | Vaults:5 | Bought a scroll of teleportation for 63 gold pieces
 70215 | Vaults:5 | Found Qyudeple's Antique Weapon Boutique.
 70343 | Vaults:5 | Noticed an ancient lich
 70351 | Vaults:5 | Killed an ancient lich
 70374 | Vaults:5 | Got a silver rune of Zot
 71079 | Slime:1  | Entered Level 1 of the Pits of Slime
 71102 | Slime:2  | Reached skill level 24 in Shields
 71572 | Slime:5  | Entered Level 5 of the Pits of Slime
 71773 | Slime:5  | Noticed the Royal Jelly
 71831 | Slime:5  | Found the +8 mithril axe "Arga" {speed, Will+}
 71865 | Slime:5  | Found a viscous altar of Jiyva.
 71879 | Slime:5  | Identified a scroll of acquirement
 72009 | Slime:5  | Killed the Royal Jelly
 72010 | Slime:5  | Reached skill level 25 in Shields
 72067 | Slime:5  | Got a slimy rune of Zot
 72153 | Slime:5  | Identified Custra Teef's Papyrus of the Compass
 72161 | Slime:5  | Acquired 702 gold pieces
 72829 | Depths:1 | Voluntarily entered the Abyss.
 72878 | Abyss:1  | Acquired a manual of Evocations
 73602 | Abyss:4  | Got an abyssal rune of Zot
 73958 | Depths:1 | Escaped the Abyss
 74056 | Zot:1    | Entered Level 1 of the Realm of Zot
 74082 | Zot:1    | Reached XP level 27. HP: 250/256 MP: 25/25
 74479 | Zot:1    | Noticed an orb of fire
 74508 | Zot:1    | Noticed an ancient lich
 74566 | Zot:1    | Killed an orb of fire
 74567 | Zot:1    | Bought 3 scrolls of acquirement for 3276 gold pieces
 74567 | Zot:1    | Acquired 408 gold pieces
 74568 | Zot:1    | Acquired 1053 gold pieces
 74569 | Zot:1    | Acquired 815 gold pieces
 74866 | Zot:1    | Killed an ancient lich
 75436 | Zot:5    | Entered Level 5 of the Realm of Zot
 75700 | Zot:5    | Noticed an orb of fire
 75705 | Zot:5    | Noticed an ancient lich
 75758 | Zot:5    | Noticed an orb of fire
 75761 | Zot:5    | Noticed an orb of fire
 75762 | Zot:5    | Noticed a dread lich
 75782 | Zot:5    | Noticed an orb of fire
 75782 | Zot:5    | Noticed an orb of fire
 75795 | Zot:5    | Noticed an orb of fire
 75800 | Zot:5    | Killed a dread lich
 75803 | Zot:5    | Got the Orb of Zot
 75826 | Zot:5    | Noticed a dread lich
 75838 | Zot:5    | Noticed an ancient lich
 75852 | Zot:5    | Killed an ancient lich
 75862 | Zot:5    | Killed a dread lich
 76482 | D:$      | Escaped with the Orb!

Illustrated notes

Levels and vault maps discovered:
D:1:      dpeg_arrival_rooms_a, layout_basic, minivault_14,
          hangedman_decor_slide_cut, minmay_misc_feat_doors,
          chequers_serial_rivers_room_b, minmay_misc_feat_roman,
          minmay_pentomino_z2
D:2:      layout_basic, minmay_circle_x
D:3:      layout_basic, hellmonk_ecumenical_altar_arch_garden
D:4:      layout_loops_cross, uniq_pikel, uniq_duvessa
D:5:      layout_loops_ring, minitemple, serial_shops, shop,
          nicolae_shop_temple_entry_statues_fountains, shop, nicolae_shop_trees,
          chequers_serial_rivers_large_b, uniq_menkaure, uniq_grinder,
          uniq_edmund, uniq_prince_ribbit1
D:6:      layout_basic, sword_in_stone
D:7:      layout_basic, minmay_temple_entry_junction_2,
          hangedman_abyss_or_decor_passed, grunt_ministairs_12
D:8:      layout_loops_ring, xom_redecorated, uniq_maurice, uniq_harold,
          uniq_erica
D:9:      layout_irregular_city, minmay_lair_entry_grove
D:10:     layout_grid_maze
D:11:     layout_basic, gammafunk_ghost_icy
D:12:     layout_grid_maze, david_orc_4
D:13:     layout_cave_pods, serial_glass, glass_columns_b, glass_columns_a,
          glass_columns_a, columned_hall_lemuel, uniq_sonja
D:14:     layout_long_grid, david_vaults_4, gammafunk_ghost_smash,
          minmay_misc_feat_secret_circle, uniq_rupert
D:15:     gammafunk_enter_depths_forms, layout_irregular_city
Temple:   eino_temple_scatter_basement
Lair:1:   layout_cave_pods, minmay_lair_oklob_chamber, grunt_megastairs_4,
          uniq_gastronok, uniq_joseph
Lair:2:   layout_regular_city, nicolae_swamp_entry_splash_gauntlet,
          guppyfry_snake_entry_garden, gauntlet_entry_generic
Lair:3:   layout_cellular_growth, grunt_megastairs_3, lemuel_fruit_fields,
          lemuel_fruit_tree, uniq_snorg
Lair:4:   layout_regular_city, lemuel_old_faithful, grunt_megastairs_1
Lair:5:   nzn_winding_woodlands_stair_cross
          [nzn_winding_woodlands_5x15_sidewinder,
          nzn_winding_woodlands_center_garden,
          nzn_winding_woodlands_5x15_lazy_stream,
          nzn_winding_woodlands_5x5_open_star,
          nzn_winding_woodlands_5x5_perimeter,
          nzn_winding_woodlands_5x15_pathside_ponds,
          nzn_winding_woodlands_center_triple_pond,
          nzn_winding_woodlands_5x15_pockets], layout_hall_layers, slime_dummy,
          hellmonk_guarded_unrand_seven_league_boots
Lair:6:   hangedman_lair_in_review, layout_cave_pods, guppyfry_lair_end_dragon
Swamp:1:  layout_basic_swamp, nicolae_swamp_triple_paths
Swamp:2:  layout_falls_marsh, evilmike_swamp_ruin_wall, swamp_pool3
Swamp:3:  layout_falls_marsh, hangedman_swamp_ruin_wall,
          infiniplex_staircase_pool, uniq_jorgrun
Swamp:4:  swamp_icy, layout_basic_swamp, swamp_pool1
Snake:1:  layout_grid_maze, uniq_asterion, uniq_donald
Snake:2:  nicolae_aizul_guard, layout_grid_maze, nicolae_snake_snake_lake,
          st_stairs_7, nicolae_snake_dead_anacondas, minmay_shoptagon,
          uniq_vashnia, uniq_aizul
Snake:3:  layout_chambers, serial_bayou_lake_a
Snake:4:  grunt_snake_rune_serpentine_throne, layout_cave_town,
          portal_ice_cave_entry_pillars_three, nrook_guardian_serpent_double,
          uniq_nikola
Slime:1:  layout_caves
Slime:2:  layout_caves
Slime:3:  layout_caves
Slime:4:  cheibrodos_slime_lost_civilization_1, layout_caves
Slime:5
Orc:1:    layout_caves, nicolae_orc_rockfall, uniq_josephine
Orc:2:    grunt_orc_community_town_hall, layout_diamond_mine,
          grunt_orc_community_big_house_2, grunt_orc_community_big_house_1,
          grunt_orc_community_house_1, grunt_orc_community_house_3,
          grunt_orc_community_house_2, grunt_orc_community_house_1
Vaults:1: nicolae_vaults_little_squares_2, nicolae_vaults_stairing_the_circle,
          vaults_mumra_hexcomb, dpeg_vaults_monster_row, vaults_room_pools,
          hangedman_vaults_nails, nicolae_vaults_mini_display_case,
          v_alt_pattern_5, nicolae_vaults_circle_grid_a, ontoclasm_vaults_shout,
          layout_vaults_omnicross, serial_shops, bzr_entry_lakeside
Vaults:2: vaults_room_hallway, vaults_dpeg_diagonal,
          ontoclasm_vaults_ring_small, nicolae_vaults_twisting_passages,
          ontoclasm_vaults_gateway, hangedman_vaults_snaps, vaults_room_pool,
          vaults_room_fours, v_misc_28, ontoclasm_vaults_twist,
          grunt_vaults_focal, v_misc_5, ontoclasm_vaults_fault,
          layout_vaults_omnibox, serial_shops, nicolae_shop_window_shopping
Vaults:3: minmay_crypt_entry_simple_walls, nicolae_vaults_quartermaster,
          v_pattern_4, v_misc_25, layout_vaults_omnigrid, uniq_mennas,
          uniq_boris
Vaults:4: grunt_vaults_swirl, v_misc_33, hangedman_vaults_slither,
          grunt_vaults_funnel, hangedman_vaults_stagger,
          nicolae_vaults_network_star, nicolae_vaults_shelves_hall,
          layout_vaults_chaotic_city, mu_enter_wizlab_1, uniq_bai_suzhen
Vaults:5: uniq_margery
Depths:1: layout_small_grid, nicolae_abyss_entry_one_way_or_another,
          lightli_too_deep, kennysheep_boxes
Depths:2: minmay_chopped_fan, layout_basic, chequers_serial_rivers_room_a,
          abyss_entry_small_statue_room,
          ploomutoo_gammafunk_ghost_potion_laboratory, serial_shops, shop,
          hell_entry
Depths:3: minmay_crescents, layout_gridville, nicolae_lava_and_water,
          grunt_pan_entry_sceptre, grunt_hell_entry_dis_mu, abyss_entry,
          infiniplex_staircase_pool_lava, minmay_shop_grove, firewood_loft
Depths:4: minmay_the_grid_triangle_9x9_line_8_mashed
          [minmay_the_grid_triangle_9x9_limited_checkers,
          minmay_the_grid_triangle_9x9_tough_junction,
          minmay_the_grid_triangle_9x9_skeleton,
          minmay_the_grid_triangle_9x9_subtriangle,
          minmay_the_grid_triangle_9x9_dagger,
          minmay_the_grid_triangle_9x9_impossible_snake,
          minmay_the_grid_triangle_9x9_empty,
          minmay_the_grid_triangle_9x9_prize_center], layout_cave_pools,
          enter_ziggurat_d, pan_entry, minmay_door_square, abyss_entry,
          pf_vacation_house_of_asmodeus
Depths:5: grunt_zot_entry_tricorne, layout_cross, hellmouth_1, abyss_entry,
          grunt_pan_entry_zigzag, minmay_misc_feat_ornament,
          minmay_misc_feat_four_crosses, chequers_serial_rivers_micro_c,
          elyvilon_altar_1
Zot:1:    ebering_klown_carousel, layout_gridville, grunt_ministairs_8
Zot:2:    layout_twisted_circle
Zot:3:    layout_onion_interference
Zot:4:    layout_basic, door_vault
Zot:5:    layout_twisted_circle

Skill      XL: |  1  2  3  4  5  6  7  8  9 10 11 12 13 14 15 16 17 18 19 20 21 22 23 24 25 26 27 |
---------------+----------------------------------------------------------------------------------+-----
Fighting       | 4 5 6 7 8 10 11 12 14 15 16 17 18 19 20 21 22 23 | 23.3
Polearms       | 4 5 6 |  6.0
Shields        | 2 3 4 7 9 10 11 12 15 17 20 21 22 25 | 25.9
Maces & Flails | 1 5 8 |  8.0
Armour         | 3 6 8 10 11 12 14 15 16 18 19 21 22 23 | 23.1
Dodging        | 3 6 7 9 10 12 13 14 15 16 18 20 | 20.4
Transmutations | 1 5 |  5.0
Long Blades    | 1 5 8 13 14 15 16 | 16.0
Evocations     | 3 4 8 10 11 12 13 15 17 | 17.3
Spellcasting   | 2 |  2.0
Axes           | 4 7 10 13 17 18 | 18.8
Throwing       | |  1.0
Stealth        | |  1.5

Action                   |  1- 3 |  4- 6 |  7- 9 | 10-12 | 13-15 | 16-18 | 19-21 | 22-24 | 25-27 || total
-------------------------+-------+-------+-------+-------+-------+-------+-------+-------+-------++-------
Melee: Spear             |    99 |    87 |    39 |       |       |       |       |       |       ||   225
       Headbutt          |     4 |    12 |    38 |    98 |   269 |   410 |   490 |   398 |   724 ||  2443
       Flail             |       |       |   257 |    72 |   118 |    56 |       |       |       ||   503
       Double sword      |       |       |       |   325 |  1070 |  1806 |  1031 |  1233 |   989 ||  6454
       Scimitar          |       |       |       |   132 |    18 |       |       |       |       ||   150
       Broad axe         |       |       |       |       |       |       |   594 |     7 |  1160 ||  1761
       Eudemon blade     |       |       |       |       |       |       |       |     7 |     7 ||    14
Throw: Dart              |       |     1 |    13 |    31 |    15 |       |       |       |       ||    60
       Boomerang         |       |       |     2 |     3 |       |       |       |       |       ||     5
       Throwing net      |       |       |       |     4 |     1 |       |       |       |     3 ||     8
 Cast: Wereblood         |       |       |       |       |     8 |     2 |     1 |     2 |       ||    13
Invok: Potion Petition   |       |       |       |       |     1 |     2 |       |       |     2 ||     5
       Call Merchant     |       |       |       |       |     3 |       |       |     1 |     1 ||     5
       Bribe Branch      |       |       |       |       |       |       |       |       |     2 ||     2
 Abil: Evoke Blink       |       |       |       |     6 |       |       |       |       |       ||     6
Evoke: Wand              |       |       |     9 |    17 |    32 |    18 |       |     1 |    19 ||    96
       Phantom mirror    |       |       |       |     2 |     4 |     4 |     1 |       |       ||    11
       Tin of tremorston |       |       |       |       |     6 |    11 |     5 |     8 |    10 ||    40
       Condenser vane    |       |       |       |       |       |       |       |     2 |     4 ||     6
       Box of beasts     |       |       |       |       |       |       |       |       |     1 ||     1
  Use: Potion            |     1 |     2 |       |     9 |     6 |     4 |     1 |     2 |    11 ||    36
       Scroll            |       |     6 |     5 |    11 |     9 |     9 |     4 |     4 |    36 ||    84
 Stab: Sleeping          |     1 |     1 |       |       |       |       |       |       |       ||     2
       Distracted        |       |       |     1 |     1 |     9 |    14 |    23 |    15 |    28 ||    91
       Paralysed         |       |       |       |     5 |    10 |    13 |       |       |       ||    28
       Held in net/web   |       |       |       |     1 |       |       |       |       |     3 ||     4
       Invisible         |       |       |       |     3 |     1 |       |       |       |    11 ||    15
       Petrified         |       |       |       |       |       |     1 |       |       |       ||     1
       Confused          |       |       |       |       |       |       |       |       |     2 ||     2
Armor: Leather armour    |    13 |     7 |       |       |       |       |       |       |       ||    20
       Skin              |     1 |       |       |       |       |       |       |       |       ||     1
       Ring mail         |       |       |    55 |       |       |       |       |       |       ||    55
       Plate armour      |       |       |    63 |   202 |    67 |   310 |       |       |   342 ||   984
       Scale mail        |       |       |       |    22 |   428 |       |       |       |       ||   450
       Chain mail        |       |       |       |       |       |   162 |   487 |   412 |    35 ||  1096
Dodge: Dodged            |    28 |    16 |   108 |   165 |   414 |   512 |   699 |   470 |   322 ||  2734
Block: Buckler           |     6 |     8 |    42 |   255 |   196 |       |       |       |       ||   507
       Reflection        |       |       |       |     3 |    24 |    59 |       |       |       ||    86
       Kite shield       |       |       |       |     1 |   612 |  1283 |   985 |   308 |       ||  3189
       Tower shield      |       |       |       |       |       |       |       |   858 |  1650 ||  2508
       Rpst.: Double sword |       |       |       |    24 |    56 |    94 |    77 |    54 |    36 ||   341
       Scimitar          |       |       |       |     8 |     1 |       |       |       |       ||     9

Table legend: (Time is in decaauts)
 A = Elapsed time spent in this place.
 B = Non-inter-level travel time spent in this place.
 C = Inter-level travel time spent in this place.
 D = Time resting spent in this place.
 E = Time spent auto-exploring this place.
 F = Levels seen in this place.
 G = Mean time per level.
                   A        B        C        D        E       F      G
               +--------+--------+--------+--------+--------+-----+--------+
         Total |  74339 |  66673 |   7666 |   6906 |  45197 |  60 | 1239.0 |
       Dungeon |  25004 |  20634 |   4370 |   3327 |  13574 |  15 | 1666.9 |
        Temple |    210 |    178 |     32 |      0 |    176 |   1 |  210.0 |
          Lair |  12320 |  11607 |    713 |   1285 |   8570 |   6 | 2053.3 |
         Swamp |   4881 |   4647 |    234 |   1005 |   2922 |   4 | 1220.2 |
     Snake Pit |   8262 |   8028 |    234 |    680 |   5638 |   4 | 2065.5 |
    Slime Pits |   1275 |   1196 |     79 |    122 |    659 |   5 |  255.0 |
  Orcish Mines |   2030 |   1691 |    339 |      7 |   1307 |   2 | 1015.0 |
        Vaults |   7991 |   6899 |   1092 |     34 |   4936 |   5 | 1598.2 |
        Depths |   6696 |   6181 |    515 |     17 |   4316 |   5 | 1339.2 |
           Zot |   1564 |   1509 |     55 |     16 |    875 |   5 |  312.8 |
         Abyss |    978 |    978 |      0 |      0 |    454 |   4 |  244.5 |
        Bazaar |     45 |     45 |      0 |      0 |     22 |   1 |   45.0 |
      Ice Cave |   1618 |   1618 |      0 |    124 |   1138 |   1 | 1618.0 |
        Wizlab |    751 |    751 |      0 |     57 |    443 |   1 |  751.0 |
      Gauntlet |    709 |    709 |      0 |    229 |    165 |   1 |  709.0 |
               +--------+--------+--------+--------+--------+-----+--------+

Top non-repeatable levels by time:
    D:12: 3709 daAuts
  Lair:5: 3101 daAuts
 Snake:3: 2862 daAuts
 Snake:2: 2478 daAuts
  Lair:6: 2387 daAuts
    D:14: 2109 daAuts
    D:15: 2088 daAuts
 Swamp:4: 2058 daAuts
  Lair:4: 2026 daAuts
  Lair:2: 1942 daAuts
Vaults:5: 1847 daAuts
     D:8: 1804 daAuts
  Lair:1: 1715 daAuts
Depths:3: 1672 daAuts
    D:11: 1642 daAuts
